 Dungeon Crawl Stone Soup version 0.30-a0-918-g0ff054e9dc (webtiles) character file.

Game seed: 16285664485985016270

139 lunkers the Digger (level 5, -3/38 HPs)
             Began as a Meteoran Earth Elementalist on Mar 20, 2023.
             Slain by a wight
             ... wielding a +0 scimitar
              (9 damage)
             ... on level 7 of the Dungeon.
             The game lasted 00:02:09 (890 turns).

lunkers the Digger (Meteoran Earth Elementalist)     Turns: 890, Time: 00:02:09

Health: -3/38      AC:  7    Str:  9    XL:     5   Next: 75%
Magic:  2/12       EV: 12    Int: 18    God:
Gold:   168        SH:  0    Dex: 15    Spells: 11/12 levels left

rFire   . . .      SeeInvis .    f - +3 quarterstaff
rCold   . . .      Faith    .    (shield currently unavailable)
rNeg    . . .      Spirit   .    a - +0 robe
rPois   .          Reflect  .    (no helmet)
rElec   .          Rampage  .    e - +0 cloak
rCorr   .                        (no gloves)
Will    .....                    (no boots)
Stlth   +                        (no amulet)
HPRegen 0.26/turn                d - +4 ring of protection
MPRegen 0.13/turn                g - ring of flight

@: lethally poisoned (-3 -> -6), flying, glowing
A: sense surroundings 1, otherworldly, glowing, explore regen
a: no special abilities


You were on level 7 of the Dungeon.
You visited 1 branch of the dungeon, and saw 5 of its levels.

You collected 168 gold pieces.

Inventory:

Hand Weapons
 f - a +3 quarterstaff (weapon)
Armour
 a - a +0 robe (worn)
 e - a +0 cloak (worn)
Jewellery
 d - a +4 ring of protection (left hand)
 g - a ring of flight (right hand)
Wands
 o - a wand of flame (26)
Scrolls
 c - a scroll of teleportation {unknown}
 i - a scroll of vulnerability {unknown}
 j - a scroll of enchant armour {unknown}
 l - a scroll of blinking {unknown}
 m - a scroll of identify {unknown}
 n - 2 scrolls of enchant weapon {unknown}
Potions
 b - 2 potions of magic
 h - 2 potions of attraction {unknown}
 k - a potion of brilliance {unknown}
 p - a potion of lignification {unknown}


   Skills:
 - Level 2.4 Dodging
 - Level 1.4 Stealth
 + Level 4.2 Spellcasting
 - Level 1.2 Transmutations
 * Level 6.0 Earth Magic


You had 11 spell levels left.
You knew the following spells:

 Your Spells              Type           Power      Damage    Failure   Level
a - Sandblast             Erth           50%        2d12      1%          1

Your spell library contained the following spells:

 Spells                   Type           Power      Damage    Failure   Level
 Passwall                 Tmut/Erth      13%        N/A       4%          2
 Stone Arrow              Conj/Erth      28%        3d8       12%         3
 Petrify                  Tmut/Erth      16%        N/A       32%         4


Dungeon Overview and Level Annotations

Branches:
Dungeon (4/15) Zot: 2086
 Temple: D:4-7

Altars:


Innate Abilities, Weirdness & Mutations

You passively map a small area around you.
You are easily found by Zot.
You glow in the dark.
You regain HP and MP as you explore.


Message History

* * * LOW HITPOINT WARNING * * *
You feel very sick.
The water moccasin bites you but does no damage.
The water moccasin barely misses you.
Aiming: Sandblast (safe; 1% risk of failure)
Press: ? - help, Q - select action, (/) - cycle Shift-Dir - straight line, f/p - water moccasin
Aim: a water moccasin (almost dead, 72% to hit)
The blast of sand hits the water moccasin!
You kill the water moccasin!
* * * LOW HITPOINT WARNING * * *
You feel very sick.
Your Spellcasting skill increases to level 4!
Your Earth Magic skill gained 2 levels and is now at level 6!
You have reached level 5!
Aiming: Sandblast (safe; 1% risk of failure)
Press: ? - help, Q - select action, (/) - cycle Shift-Dir - straight line, f - wight
Aim: a wight, wielding a +0 scimitar and wearing a +0 robe (83% to hit)
The blast of sand hits the wight but does no damage.
You feel very sick.
Unknown command.
Aiming: Sandblast (safe; 1% risk of failure)
Press: ? - help, Q - select action, (/) - cycle Shift-Dir - straight line, f/p - wight
Aim: a wight, wielding a +0 scimitar and wearing a +0 robe (83% to hit)
The blast of sand hits the wight!
The wight is heavily damaged.
You feel sick.
Unknown command.
Unknown command.
Casting: Sandblast (safe; 1% risk of failure)
Confirm with . or Enter, or press ? or * to list all spells.
You don't know that spell.
Unknown command.
Aiming: Sandblast (safe; 1% risk of failure)
Press: ? - help, Q - select action, (/) - cycle Shift-Dir - straight line, f/p - wight
Aim: a wight, wielding a +0 scimitar and wearing a +0 robe (heavily damaged, 83% to hit)
The blast of sand hits the wight.
The wight is severely damaged.
* * * LOW MAGIC WARNING * * *
You feel sick. The wight hits you with a +0 scimitar!
You die...

# #..# ., , #... * #.# #
..# ......,......##.###
# ....
......##...#..<...# .,
.. ...........####.#.###
, ,
.......#...####.#...####
*
.....#.#...>....###.....
*
...........#......#.....
......z.........)....<..
.......@...#......##....
,
...!..#(##....#.########
, ........#####.#.####
.....#### #......# ,
...., #.#.##.# * #.. ,*
#.#.#* .., , * #. * *
#...#** ... , , ,,
,..... , ,... * ..... *
..


You could see a wight.

Vanquished Creatures
  A water moccasin (D:7)
  An ufetubus (D:7)
  2 worms
  A dart slug (D:1)
  An orc (D:3)
  4 ball pythons
  2 bats
  3 endoplasms
  3 goblins
  A hobgoblin (D:1)
  4 kobolds
  A quokka (D:4)
  3 frilled lizards
  A rat (D:1)
28 creatures vanquished.

Notes
Turn   | Place    | Note
-------+----------+-------------------------------------------
     0 | D:1      | lunkers the Meteoran Earth Elementalist began the quest for
                  | the Orb.
     0 | D:1      | Reached XP level 1. HP: 14/14 MP: 5/5
    56 | D:1      | Reached XP level 2. HP: 20/20 MP: 2/6
   115 | D:1      | Reached skill level 4 in Earth Magic
   163 | D:1      | Found a faded altar of an unknown god.
   308 | D:2      | Reached XP level 3. HP: 26/26 MP: 5/8
   706 | D:4      | You are sucked into a shaft and drop 3 floors!
   866 | D:7      | Reached XP level 4. HP: 33/33 MP: 10/10
   879 | D:7      | Noticed a water moccasin
   885 | D:7      | Noticed a wight
   887 | D:7      | Killed a water moccasin
   888 | D:7      | Reached skill level 6 in Earth Magic
   888 | D:7      | Reached XP level 5. HP: 10/38 MP: 5/12
   890 | D:7      | Slain by a wight

Illustrated notes

Levels and vault maps discovered:
D:1:      saegor_arrival_simple_c, layout_rooms,
          dilly_ecumenical_altar_fadedgnrine
D:2:      layout_loops_cross
D:3:      layout_rooms, chequers_decorated_corner, kennysheep_generic_room_3
D:4:      layout_loops_ring, nicolae_vehumet_radiance
D:7:      layout_rooms

Skill      XL: |  1  2  3  4 |
---------------+-------------+-----
Spellcasting   | 3 4 |  4.2
Earth Magic    | 4 6 |  6.0
Dodging        | |  2.4
Stealth        | |  1.4
Transmutations | |  1.2

Action                     |  1- 3 |  4- 6 || total
---------------------------+-------+-------++-------
  Melee: Quarterstaff      |     4 |       ||     4
   Cast: Sandblast         |    39 |     9 ||    48
 Armour: Robe              |     3 |     3 ||     6
  Dodge: Dodged            |     9 |     3 ||    12

Table legend: (Time is in decaauts)
 A = Elapsed time spent in this place.
 B = Non-inter-level travel time spent in this place.
 C = Inter-level travel time spent in this place.
 D = Time resting spent in this place.
 E = Time spent auto-exploring this place.
 F = Levels seen in this place.
 G = Mean time per level.
                   A        B        C        D        E       F      G
               +--------+--------+--------+--------+--------+-----+--------+
         Total |    912 |    879 |     33 |      0 |    653 |   5 |  182.4 |
       Dungeon |    912 |    879 |     33 |      0 |    653 |   5 |  182.4 |
               +--------+--------+--------+--------+--------+-----+--------+

Top non-repeatable levels by time:
     D:3: 287 daAuts
     D:1: 279 daAuts
     D:7: 188 daAuts
     D:2: 149 daAuts
     D:4: 8 daAuts
